 Dungeon Crawl Stone Soup version 0.28-a0-724-g66f9036eb4 (webtiles) character file.

Game seed: 8596670669418927771

0 meatgazer the Skirmisher (level 1, -1/18 HPs)
             Began as a Demonspawn Abyssal Knight on Oct 26, 2021.
             Was a Follower of Lugonu.
             Incinerated by a smoke demon (4 damage)
             ... with a sticky flame
             ... on level 2 of the Abyss.
             The game lasted 00:00:20 (133 turns).

meatgazer the Skirmisher (Demonspawn Abyssal Knight) Turns: 133, Time: 00:00:20

Health: -1/18      AC:  3    Str: 13      XL:     1   Next: 0%
Magic:  2/2        EV: 11    Int: 11      God:    Lugonu [*.....]
Gold:   7          SH:  0    Dex: 11 (13) Spells: 0/0 levels left

rFire   . . .      SeeInvis .   a - +1 spear
rCold   . . .      Faith    .   (no shield)
rNeg    . . .      Spirit   .   b - +0 leather armour
rPois   .          Reflect  .   (no helmet)
rElec   .          Harm     .   (no cloak)
rCorr   .          Rampage  .   (no gloves)
Will    .....                   (no boots)
Stlth   +.........              (no amulet)
HPRegen 0.06/turn               (no ring)
MPRegen 0.08/turn               (no ring)

@: on fire, glowing, unable to read
A: [deterioration 2], [inability to read while threatened]
a: Renounce Religion, Depart the Abyss


You were on level 2 of the Abyss.
You worshipped Lugonu.
Lugonu was aware of your devotion.
You visited 0 branches of the dungeon, and saw 0 of its levels.
You visited the Abyss 1 time.

You collected 7 gold pieces.

Inventory:

Hand Weapons
 a - a +1 spear (weapon)
Armour
 b - a +0 leather armour (worn)
Jewellery
 c - a +6 ring of dexterity


   Skills:
 + Level 3.0 Fighting
 + Level 1.7 Polearms
 + Level 1.7 Armour
 + Level 0.8 Dodging
 + Level 2.4 Invocations


You couldn't memorise any spells.
You didn't know any spells.
Your spell library was empty.

Dungeon Overview and Level Annotations

Branches:
Dungeon (0/15)

Altars:


Innate Abilities, Weirdness & Mutations

[Your body often deteriorates upon taking damage.]
[You sometimes lose the ability to read scrolls when taking damage.]


Message History

Found a gateway leading deeper into the Abyss.
A wretched star comes into view.
The wretched star pulses with an eldritch light!
You lose the ability to read scrolls when threatened.
A chaos spawn comes into view.
The wretched star glows turbulently.
The lance of force misses you.
There is a gateway leading deeper into the Abyss here.
The chaos spawn squeals angrily.
The chaos spawn hits you!
You feel your power leaking away.
The wretched star pulses with an eldritch light!
You feel yourself wasting away.
You feel your body start to fall apart.
You plunge deeper into the Abyss.
Found an inky potion and a marble ring.
Magic restored.
A tentacled starspawn comes into view.
A tentacle flies out from the starspawn's body!
A starspawn tentacle comes into view.
A starspawn tentacle comes into view.
A tentacle flies out from the starspawn's body!
A starspawn tentacle comes into view.
You see here a +6 ring of dexterity.
c - a +6 ring of dexterity A starspawn tentacle comes into view.
The starspawn tentacle closely misses you.
The smoke demon roars!
The starspawn tentacle grabs you. The starspawn tentacle constricts you.
You feel threatened and lose the ability to read scrolls!
Your body deteriorates!
You feel clumsy.
You escape the starspawn tentacle's grasp.
You can read scrolls again.
The smoke demon gestures at you. The sticky flame hits you!
You are covered in liquid flames!
You feel threatened and lose the ability to read scrolls!
* * * LOW HITPOINT WARNING * * *
Your body deteriorates!
You feel clumsy.
You are covered in liquid flames!
You die...

# #. ...##
##..###### #
#.......@#
#..##..#..##...# ...
ยง.#..##.#.#.#...#
#..###..# #..##..
..#
.#..#..#..3#..##..
...
...#.8.#.....#..####
## ..#.... #...#....
#.. .....X.....#..#
#.#.........
.##.#..#


There were no monsters in sight!

Vanquished Creatures (others)
  4 starspawn tentacles (Abyss:2)
4 creatures vanquished.

Notes
Turn   | Place    | Note
-------+----------+-------------------------------------------
     0 | Abyss:1  | meatgazer the Demonspawn Abyssal Knight began the quest for
                  | the Orb.
     0 | Abyss:1  | Reached XP level 1. HP: 18/18 MP: 2/2
     0 | Abyss:1  | Found a corrupted altar of Lugonu.
    46 | Abyss:1  | Noticed a wretched star
    47 | Abyss:1  | Noticed a chaos spawn
   115 | Abyss:2  | Noticed a tentacled starspawn
   126 | Abyss:2  | Noticed a smoke demon
   133 | Abyss:2  | Incinerated by a smoke demon

Illustrated notes

Levels and vault maps discovered:
Abyss:2:  base: Temple, evilmike_abyss_exit_kraken

Action                   || total
-------------------------++-------
Dodge: Dodged            ||     2

Table legend: (Time is in decaauts)
 A = Elapsed time spent in this place.
 B = Non-inter-level travel time spent in this place.
 C = Inter-level travel time spent in this place.
 D = Time resting spent in this place.
 E = Time spent auto-exploring this place.
 F = Levels seen in this place.
 G = Mean time per level.
                   A        B        C        D        E       F      G
               +--------+--------+--------+--------+--------+-----+--------+
         Total |    132 |    132 |      0 |      0 |    102 |   2 |   66.0 |
         Abyss |    132 |    132 |      0 |      0 |    102 |   2 |   66.0 |
               +--------+--------+--------+--------+--------+-----+--------+

Top non-repeatable levels by time:
 Abyss:2: 82 daAuts
 Abyss:1: 50 daAuts
